[ PARTIDA AOE2 · #480879054 ]
Team RMEslavos vs Mongols
[ ANÁLISIS DE REPETICIÓN · EXTRAÍDO DE LA PARTIDA GRABADA ]
Feudal
—
Castillos
—
Imperial
—
| APM promedio | 19.5 |
| APM pico | 29 |
| eAPM promedio | 9.3 |
| Aldeanos / militares | 16 / 0 |
Foco
⚔️ 1.9% · 🌾 98.1%
Feudal
—
Castillos
—
Imperial
—
| APM promedio | 17.4 |
| APM pico | 23 |
| eAPM promedio | 7.4 |
| Aldeanos / militares | 16 / 0 |
Foco
⚔️ 15.4% · 🌾 84.6%
Feudal
—
Castillos
—
Imperial
—
| APM promedio | 13.9 |
| APM pico | 29 |
| eAPM promedio | 7.1 |
| Aldeanos / militares | 16 / 0 |
Foco
⚔️ 8.1% · 🌾 91.9%
Feudal
—
Castillos
—
Imperial
—
| APM promedio | 23.8 |
| APM pico | 53 |
| eAPM promedio | 7.9 |
| Aldeanos / militares | 18 / 0 |
Foco
⚔️ 0.0% · 🌾 100.0%
Feudal
—
Castillos
—
Imperial
—
| APM promedio | 30.5 |
| APM pico | 46 |
| eAPM promedio | 8.4 |
| Aldeanos / militares | 23 / 0 |
Foco
⚔️ 2.6% · 🌾 97.4%
Feudal
—
Castillos
—
Imperial
—
| APM promedio | 63.5 |
| APM pico | 96 |
| eAPM promedio | 10.0 |
| Aldeanos / militares | 15 / 0 |
Foco
⚔️ 5.9% · 🌾 94.1%
Feudal
—
Castillos
—
Imperial
—
| APM promedio | 25.1 |
| APM pico | 42 |
| eAPM promedio | 11.3 |
| Aldeanos / militares | 29 / 0 |
Foco
⚔️ 22.2% · 🌾 77.8%
Feudal
—
Castillos
—
Imperial
—
| APM promedio | 14.5 |
| APM pico | 32 |
| eAPM promedio | 9.5 |
| Aldeanos / militares | 14 / 0 |
Foco
⚔️ 0.0% · 🌾 100.0%
Mapa de la partida
Recursos al inicio + cada clic de construcción. Línea gruesa = muro · recuadro discontinuo = muro de casas detectado. 🟡 oro · ⚪ piedra · 🟢 bayas · 🔶 jabalí · ⭕ reliquia
Inputs por minuto
— essen - - Bredark
Build order — essen
23 acciones detectadas en el replay
| 0:01 | Crear | Villager (Male) |
| 0:02 | Crear | Villager (Male) |
| 0:02 | Crear | Villager (Male) |
| 0:03 | Construir | House |
| 0:05 | Construir | House |
| 0:34 | Crear | Villager (Male) |
| 0:34 | Crear | Villager (Male) |
| 1:26 | Crear | Villager (Male) |
| 2:06 | Crear | Villager (Male) |
| 2:23 | Crear | Villager (Male) |
| 2:44 | Crear | Villager (Male) |
| 3:02 | Crear | Villager (Male) |
| 3:45 | Crear | Villager (Male) |
| 3:55 | Construir | House |
| 4:04 | Crear | Villager (Male) |
| 4:18 | Construir | Lumber Camp |
| 4:32 | Crear | Villager (Male) |
| 4:42 | Construir | House |
| 5:10 | Construir | Mining Camp |
| 5:18 | Crear | Villager (Male) |
| 5:31 | Construir | Palisade Wall |
| 5:39 | Crear | Villager (Male) |
| 5:57 | Crear | Villager (Male) |
Build order — Bredark
21 acciones detectadas en el replay
| 0:08 | Construir | House |
| 0:16 | Crear | Villager (Male) ×4 |
| 0:54 | Construir | House |
| 0:57 | Construir | House |
| 1:00 | Construir | House |
| 1:07 | Investigar | Loom |
| 1:53 | Crear | Villager (Male) |
| 1:54 | Crear | Villager (Male) |
| 2:20 | Construir | Palisade Wall |
| 2:27 | Construir | Building 804 |
| 2:54 | Construir | Lumber Camp |
| 2:59 | Crear | Villager (Male) |
| 3:00 | Crear | Villager (Male) |
| 3:00 | Crear | Villager (Male) |
| 3:56 | Construir | Palisade Wall |
| 4:10 | Crear | Villager (Male) ×3 |
| 4:46 | Crear | Villager (Male) ×2 |
| 5:01 | Construir | Building 804 |
| 5:30 | Crear | Villager (Male) |
| 5:41 | Construir | Palisade Wall |
| 5:50 | Crear | Villager (Male) |
Build order — mowmipirat
19 acciones detectadas en el replay
| 0:03 | Construir | House |
| 0:11 | Crear | Villager (Male) ×4 |
| 1:44 | Crear | Villager (Male) |
| 1:44 | Crear | Villager (Male) |
| 1:44 | Crear | Villager (Male) |
| 1:57 | Construir | House |
| 2:01 | Construir | House |
| 2:02 | Construir | House |
| 2:11 | Crear | Villager (Male) |
| 2:34 | Crear | Villager (Male) |
| 2:51 | Investigar | Loom |
| 3:37 | Crear | Villager (Male) |
| 3:37 | Crear | Villager (Male) |
| 4:37 | Crear | Villager (Male) |
| 4:39 | Crear | Villager (Male) |
| 4:40 | Crear | Villager (Male) |
| 5:08 | Construir | Mill |
| 5:27 | Crear | Villager (Male) |
| 5:56 | Crear | Villager (Male) |
Build order — Link
19 acciones detectadas en el replay
| 0:05 | Construir | House |
| 0:06 | Construir | House |
| 0:08 | Construir | House |
| 0:12 | Crear | Villager (Male) ×4 |
| 1:13 | Construir | House |
| 1:54 | Crear | Villager (Male) |
| 2:34 | Construir | Lumber Camp |
| 2:49 | Crear | Villager (Male) |
| 3:05 | Crear | Villager (Male) |
| 3:05 | Crear | Villager (Male) |
| 3:06 | Crear | Villager (Male) |
| 4:00 | Crear | Villager (Male) ×2 |
| 5:19 | Crear | Villager (Male) |
| 5:24 | Crear | Villager (Male) |
| 5:24 | Crear | Villager (Male) |
| 5:24 | Crear | Villager (Male) |
| 5:25 | Crear | Villager (Male) |
| 5:25 | Crear | Villager (Male) |
| 5:25 | Crear | Villager (Male) |
Build order — MY English is poor
30 acciones detectadas en el replay
| 0:17 | Construir | House |
| 0:21 | Crear | Villager (Male) |
| 0:21 | Crear | Villager (Male) |
| 0:21 | Crear | Villager (Male) |
| 0:21 | Crear | Villager (Male) |
| 0:21 | Crear | Villager (Male) |
| 0:39 | Construir | House |
| 0:40 | Construir | House |
| 0:42 | Construir | House |
| 0:44 | Construir | House |
| 1:44 | Crear | Villager (Male) |
| 1:44 | Crear | Villager (Male) |
| 2:20 | Construir | House |
| 2:39 | Crear | Villager (Male) |
| 2:39 | Crear | Villager (Male) |
| 2:39 | Crear | Villager (Male) |
| 2:51 | Construir | Palisade Wall |
| 3:11 | Crear | Villager (Male) |
| 3:11 | Crear | Villager (Male) |
| 3:54 | Crear | Villager (Male) |
| 3:55 | Crear | Villager (Male) |
| 3:55 | Crear | Villager (Male) |
| 4:09 | Crear | Villager (Male) |
| 4:10 | Crear | Villager (Male) |
| 5:05 | Crear | Villager (Male) |
| 5:05 | Crear | Villager (Male) |
| 5:05 | Crear | Villager (Male) |
| 5:06 | Crear | Villager (Male) |
| 5:06 | Crear | Villager (Male) |
| 5:06 | Crear | Villager (Male) |
Build order — 眠之龍
21 acciones detectadas en el replay
| 0:01 | Crear | Villager (Male) |
| 0:02 | Crear | Villager (Male) |
| 0:03 | Construir | House |
| 0:04 | Construir | House |
| 0:13 | Crear | Villager (Male) |
| 0:13 | Crear | Villager (Male) |
| 0:13 | Crear | Villager (Male) |
| 1:33 | Crear | Villager (Male) |
| 1:57 | Construir | Lumber Camp |
| 2:04 | Crear | Villager (Male) |
| 2:24 | Crear | Villager (Male) |
| 2:56 | Crear | Villager (Male) |
| 3:19 | Crear | Villager (Male) |
| 3:44 | Crear | Villager (Male) |
| 3:52 | Construir | House |
| 4:05 | Construir | House |
| 4:08 | Construir | House |
| 4:16 | Crear | Villager (Male) |
| 4:29 | Crear | Villager (Male) |
| 4:40 | Crear | Villager (Male) |
| 5:06 | Crear | Villager (Male) |
Build order — 无辜我的兄弟
33 acciones detectadas en el replay
| 0:05 | Investigar | Loom |
| 0:06 | Crear | Villager (Male) ×4 |
| 0:11 | Construir | House |
| 0:47 | Construir | House |
| 0:49 | Construir | House |
| 1:34 | Crear | Villager (Male) |
| 1:35 | Crear | Villager (Male) |
| 1:35 | Crear | Villager (Male) |
| 2:14 | Construir | House |
| 2:40 | Construir | Lumber Camp |
| 2:56 | Construir | Lumber Camp |
| 3:02 | Crear | Villager (Male) |
| 3:03 | Crear | Villager (Male) |
| 3:24 | Crear | Villager (Male) |
| 3:25 | Crear | Villager (Male) |
| 3:30 | Crear | Villager (Male) |
| 3:30 | Crear | Villager (Male) |
| 4:34 | Crear | Villager (Male) |
| 4:35 | Crear | Villager (Male) |
| 4:35 | Crear | Villager (Male) |
| 4:35 | Crear | Villager (Male) |
| 4:35 | Crear | Villager (Male) |
| 4:46 | Crear | Villager (Male) |
| 4:46 | Crear | Villager (Male) |
| 5:21 | Crear | Villager (Male) |
| 5:21 | Crear | Villager (Male) |
| 5:21 | Crear | Villager (Male) |
| 5:41 | Crear | Villager (Male) |
| 5:41 | Crear | Villager (Male) |
| 5:51 | Crear | Villager (Male) |
| 5:52 | Crear | Villager (Male) |
| 6:03 | Crear | Villager (Male) |
| 6:03 | Crear | Villager (Male) |
Build order — 吃橘子么
32 acciones detectadas en el replay
| 0:04 | Crear | Villager (Male) |
| 0:04 | Crear | Villager (Male) |
| 0:05 | Construir | House |
| 0:07 | Construir | House |
| 0:09 | Crear | Villager (Male) |
| 0:09 | Crear | Villager (Male) |
| 0:13 | Construir | House |
| 0:31 | Construir | House |
| 0:33 | Construir | House |
| 0:38 | Construir | House |
| 1:15 | Construir | House |
| 1:17 | Construir | House |
| 1:47 | Crear | Villager (Male) |
| 1:48 | Crear | Villager (Male) |
| 2:17 | Crear | Villager (Male) |
| 2:17 | Crear | Villager (Male) |
| 2:53 | Crear | Villager (Male) |
| 3:05 | Crear | Villager (Male) |
| 3:05 | Crear | Villager (Male) |
| 3:06 | Crear | Villager (Male) |
| 3:20 | Crear | Villager (Male) |
| 3:21 | Crear | Villager (Male) |
| 3:27 | Construir | House |
| 3:41 | Investigar | Loom |
| 3:56 | Construir | House |
| 3:57 | Construir | House |
| 3:59 | Construir | House |
| 4:15 | Construir | House |
| 4:16 | Construir | House |
| 4:54 | Construir | Lumber Camp |
| 5:24 | Construir | House |
| 5:25 | Construir | House |
Cronología de la partida
| 2:20 | Bredark · wall_segment Palisade Wall x2 |
| 2:51 | MY English is poor · wall_segment Palisade Wall x4 |
| 3:56 | Bredark · wall_segment Palisade Wall x5 |
| 5:31 | essen · wall_segment Palisade Wall x12 |
| 5:32 | 吃橘子么 · resign |
| 5:41 | Bredark · wall_segment Palisade Wall x1 |
[ ANÁLISIS IA · 1 CRÉDITO ]
¿Qué pasó realmente en esta partida?
Wolo.gg analiza cada decisión: build order, eco, micro, errores típicos por bracket. Análisis personalizado por WhatsApp o Discord en 30 segundos.
Guía civ
Eslavos
Guía mapa
Glade
Perfil
essen